 Dungeon Crawl Stone Soup version 0.24.0-123-gd5b16e6ec5 (webtiles) character file.

Game seed: 9812671809413547889, levelgen mode: deterministic

51 Bergy the Cudgeler (level 3, 0/23 HPs)
             Began as a Gargoyle Fighter on Jan 4, 2020.
             Slain by a gnoll
             ... wielding a +0 club
              (2 damage)
             ... on level 2 of the Dungeon.
             The game lasted 00:02:01 (525 turns).

Bergy the Cudgeler (Gargoyle Fighter)                Turns: 525, Time: 00:02:01

Health: 0/23       AC: 10    Str: 25    XL:     3   Next: 83%
Magic:  3/3        EV:  7    Int:  8    God:
Gold:   64         SH:  9    Dex:  9    Spells: 2/2 levels left

rFire    . . .     SeeInvis .   a - +0 flail
rCold    . . .     Gourm    .   c - +0 shield
rNeg     + . .     Faith    .   b - +0 scale mail
rPois    ∞         Spirit   .   (no helmet)
rElec    +         Reflect  .   (no cloak)
rCorr    .         Harm     .   (no gloves)
MR       .....                  (no boots)
Stlth    ..........             (no amulet)
HPRegen  0.07/turn              (no ring)
MPRegen  0.08/turn              (no ring)

@: mighty
A: negative energy resistance 1, electricity resistance, unbreathing,
petrification resistance, rot immunity, AC +3
a: no special abilities


You were on level 2 of the Dungeon.
You were not hungry.

You visited 1 branch of the dungeon, and saw 2 of its levels.

You collected 64 gold pieces.

Inventory:

Hand Weapons
 a - a +0 flail (weapon)
Armour
 b - a +0 scale mail (worn)
 c - a +0 shield (worn)
Jewellery
 k - a +3 ring of dexterity {unknown}
Scrolls
 e - 2 scrolls of identify {unknown}
 i - 2 scrolls of remove curse {unknown}
 j - a scroll of fear {unknown}
 l - a scroll of fog {unknown}
Potions
 g - a potion of degeneration {unknown}
 h - a potion of ambrosia {unknown}
 m - a potion of haste {unknown}
Comestibles
 f - 3 rations


   Skills:
 - Level 3.2 Fighting
 * Level 4.0 Maces & Flails
 - Level 3.2 Armour
 - Level 3.2 Shields


You had 2 spell levels left.
You didn't know any spells.
Your spell library was empty.

Dungeon Overview and Level Annotations

Branches:
Dungeon (2/15)

Altars:


Innate Abilities, Weirdness & Mutations

You are resistant to torment.
Your stone body is resilient. (AC +3)
You are immune to poison.
You resist negative energy. (rN+)
You are resistant to electric shocks. (rElec)
You can survive without breathing.
You are immune to petrification.
You are immune to rotting.


Message History

The hobgoblin hits you but does no damage.
The gnoll closely misses you. x2; The gnoll hits you but does no damage.
You thump the gnoll!
You kill the gnoll!
The hobgoblin hits you but does no damage.
You block the gnoll's attack. The gnoll closely misses you.
You block the hobgoblin's attack.
You bludgeon the gnoll!!
You kill the gnoll!
Your Maces & Flails skill increases to level 4!
You block the gnoll's attack.
The hobgoblin hits you but does no damage.
The gnoll hits you with a +0 club.
* * * LOW HITPOINT WARNING * * *
You see here a +0 whip.
Your scale mail prevents you from hitting the gnoll.
You block the gnoll's attack.
The hobgoblin hits you but does no damage.
You barely miss the gnoll. The gnoll hits you with a +0 club.
You die...

#. ###. ≈≈≈≈.
...≈.#### #####
≈≈≈.≈...##.....
≈≈≈............
≈≈≈≈..)@.......
≈≈≈.≈.gg.......
≈≈≈............
≈≈≈≈...........
≈≈≈.≈..........
≈≈≈≈≈..........
w≈≈≈......?....
.≈......##....>
.≈≈.≈#### #####


You could see a gnoll, a dart slug and a hobgoblin.

Vanquished Creatures
  2 gnolls (D:2)
  An ooze (D:1)
  3 dart slugs (D:1)
  A leopard gecko (D:1)
  A goblin (D:1)
  A hobgoblin (D:1)
  5 bats (D:1)
  A frilled lizard (D:1)
  4 kobolds (D:1)
  7 rats (D:1)
26 creatures vanquished.

Notes
Turn   | Place    | Note
-------+----------+-------------------------------------------
     0 | D:1      | Bergy the Gargoyle Fighter began the quest for the Orb.
     0 | D:1      | Reached XP level 1. HP: 14/14 MP: 1/1
    96 | D:1      | Reached XP level 2. HP: 15/19 MP: 2/2
   168 | D:1      | Reached skill level 3 in Maces & Flails
   296 | D:1      | Reached XP level 3. HP: 23/23 MP: 3/3
   522 | D:2      | Reached skill level 4 in Maces & Flails
   525 | D:2      | Slain by a gnoll

Levels and vault maps discovered:
D:1:      minmay_arrival_loop, layout_basic, minmay_tetromino_l2
D:2:      layout_rooms, chequers_ecumenical_altar_island

Skill      XL: |  1  2  3 |
---------------+----------+-----
Maces & Flails | 3 4 |  4.0
Fighting       | |  3.2
Armour         | |  3.2
Shields        | |  3.2

Action                   || total
-------------------------++-------
Melee: Flail             ||   125
  Use: Potion            ||     1
Armor: Scale mail        ||    90
Dodge: Dodged            ||    60
Block: Shield            ||    90
